 Dungeon Crawl Stone Soup version 0.31-a0-180-g519b7de00c (webtiles) character file.

Game seed: 14941702099522734244

159 rabbitsville the Shooter (level 4, -12/37 HPs)
             Began as a Demigod Hunter on June 20, 2023.
             Killed by divine providence
             ... invoked by an orc priest
              (17 damage)
             ... on level 4 of the Dungeon.
             The game lasted 00:04:56 (2330 turns).

rabbitsville the Shooter (Demigod Hunter)           Turns: 2330, Time: 00:04:57

Health: -12/37     AC:  3    Str: 12    XL:     4   Next: 95%
Magic:  6/6        EV: 10    Int: 11    God:
Gold:   181        SH:  0    Dex: 21    Spells: 3/3 levels left

rFire   . . .        a - +0 shortbow
rCold   . . .        (shield currently unavailable)
rNeg    . . .        c - +0 leather armour
rPois   .            (no helmet)
rElec   .            (no cloak)
rCorr   .            (no gloves)
SInv    .            (no boots)
Will    .....        o - amulet of magic regeneration
Stlth   +            (no ring)
HPRegen 0.26/turn    (no ring)
MPRegen 0.50/turn

%: no passive effects
@: confused, constricted
A: high MP 1, forlorn, divine attributes
a: no special abilities


You were on level 4 of the Dungeon.
You visited 1 branch of the dungeon, and saw 4 of its levels.

You collected 181 gold pieces.

Inventory:

Hand Weapons
 a - a +0 shortbow (weapon)
 q - a +0 antimagic dagger
Missiles
 n - 2 throwing nets
Armour
 c - a +0 leather armour (worn)
Jewellery
 o - an amulet of magic regeneration (around neck)
Wands
 r - a wand of roots (16)
Scrolls
 b - a scroll of butterflies
 e - a scroll of noise {unknown}
 f - a scroll of amnesia {unknown}
 g - 2 scrolls of identify {unknown}
 h - a scroll of fog {unknown}
 k - a scroll of vulnerability {unknown}
 l - a scroll of torment {unknown}
 t - a scroll of revelation {unknown}
 u - a scroll of teleportation {unknown}
Potions
 d - 3 potions of curing {unknown}
 i - a potion of heal wounds {unknown}
 j - a potion of haste {unknown}
 m - a potion of mutation {unknown}
 p - 2 potions of berserk rage {unknown}
 s - a potion of magic {unknown}


   Skills:
 + Level 2.8 Fighting
 * Level 4.9 Ranged Weapons
 + Level 2.8 Dodging
 - Level 0.8 Stealth


You had 3 spell levels left.
You didn't know any spells.
Your spell library contained the following spells:

 Spells                   Type           Power      Damage    Failure   Level
 Necrotise                Necr           0%         1d4       41%         1
 Blink                    Tloc           0%         N/A       56%         2
 Lesser Beckoning         Tloc           0%         N/A       56%         2
 Momentum Strike          Conj/Tloc      0%         3d8       56%         2
 Vampiric Draining        Necr           0%         2d6       80%         3
 Petrify                  Tmut/Erth      0%         N/A       99%         4
 Agony                    Necr           0%         N/A       100%        5
 Metabolic Englaciation   Hex/Ice        0%         N/A       100%        5
 Statue Form              Tmut/Erth      0%         N/A       100%        6


Dungeon Overview and Level Annotations

Branches:
Dungeon (4/15)
 Temple: D:4-7

Shops:
D:1 =   D:2 =   D:3 *

Annotations:
D:4 Blork the orc


Innate Abilities, Weirdness & Mutations

You have an increased reservoir of magic. (+10% MP)
You shall have no god before yourself.
Your divine heritage dramatically boosts your attributes as you level up.


Message History

You hear an angry hiss.
You shoot an arrow.
The arrow completely misses the orc wizard.
The orc priest shouts!
A ball python comes into view.
The orc wizard points at you and mumbles some strange words.
You are confused.
The orc wizard hits you with a +0 dagger. x2
You shoot an arrow. The orc wizard barely misses you.
You shoot an arrow. The arrow hits the orc wizard.
The orc wizard is moderately wounded.
The ball python bites you. The ball python barely misses you.
The orc priest casts a cantrip, but nothing happens.
The orc wizard hits you with a +0 dagger.
The ball python closely misses you. The ball python grabs you.
The ball python constricts you.
You shoot an arrow. The ball python bites you. The ball python constricts you.
The orc wizard hits you with a +0 dagger.
The orc priest calls down the wrath of Beogh upon you.
Beogh smites you!
The orc wizard gestures at you while chanting.
The magic dart hits you!
* * * LOW HITPOINT WARNING * * *
You shoot an arrow.
The arrow hits the orc wizard but does no damage.
The orc wizard is lightly wounded.
The ball python misses you. The ball python constricts you.
* * * LOW HITPOINT WARNING * * *
The orc wizard barely misses you.
The orc wizard hits you with a +0 dagger.
* * * LOW HITPOINT WARNING * * *
An adder comes into view.
You shoot an arrow. The adder hisses angrily.
The ball python closely misses you. The ball python constricts you.
The orc wizard casts a spell at you. You resist with some effort.
The orc priest invokes the aid of Beogh against you.
Beogh smites you!
You die...

....... #........# .
#........# # ..
#........# .# ...
#........# .# ....
#.o......# ..#
...S.#........###..#
.......o...........#
......S@o.......#.##
............[>#.#.#
.....#....)...#.#.#####
.... #.................
... ##.#######.#......
.. #.# #.######## # #.#
#......... ..#
#)######## #.# ..#


You could see an orc priest, 2 orc wizards, an adder and a ball python.

Vanquished Creatures
  Jessica (D:3)
  Ijyb (D:4)
  A gnoll (D:1)
  2 adders (D:2)
  5 dart slugs
  2 orcs (D:3)
  7 endoplasms
  3 giant cockroaches
  3 goblins
  4 hobgoblins
  10 jackals
  4 quokkas
  7 ball pythons
  5 bats
  2 frilled lizards
  3 kobolds
  8 rats
68 creatures vanquished.

Notes
Turn   | Place    | Note
-------+----------+-------------------------------------------
     0 | D:1      | rabbitsville the Demigod Hunter began the quest for the
                  | Orb.
     0 | D:1      | Reached XP level 1. HP: 17/17 MP: 3/3
    82 | D:1      | Found Joskojo's One-of-a-Kind Rings.
   227 | D:1      | Reached XP level 2. HP: 23/24 MP: 4/4
   252 | D:1      | Reached skill level 4 in Ranged Weapons
   918 | D:1      | Reached XP level 3. HP: 29/29 MP: 5/5
  1041 | D:2      | Found Asmias's Jewellery Shoppe.
  1561 | D:3      | Found Rotzot Xesm's Assorted Antiques.
  1595 | D:3      | Reached XP level 4. HP: 37/37 MP: 6/6
  1616 | D:3      | Noticed Jessica
  1626 | D:3      | Killed Jessica
  2096 | D:4      | Noticed Blork the orc
  2208 | D:4      | Noticed Ijyb
  2221 | D:4      | Killed Ijyb
  2330 | D:4      | Killed from afar by an orc priest

Illustrated notes

Levels and vault maps discovered:
D:1:      nicolae_arrival_somewhat_less_tricky_arrival, layout_basic,
          minmay_misc_feat_pillars, nicolae_shop_unique_rings
D:2:      layout_rooms, serial_shops, shop, ebering_ecumenical_altar_ruins
D:3:      layout_basic, nicolae_wu_jian_wuxing_cycle, serial_shops,
          nicolae_shop_trees, nicolae_concentric_dashed_squares_mild,
          uniq_jessica
D:4:      minmay_inner_zag, layout_basic, uniq_ijyb, uniq_blork_the_orc,
          uniq_robin

Skill      XL: |  1  2 |
---------------+-------+-----
Fighting       | 2 |  2.8
Dodging        | 2 |  2.8
Ranged Weapons | 4 |  4.9
Stealth        | |  0.8

Action                     |  1- 3 |  4- 6 || total
---------------------------+-------+-------++-------
   Fire: Shortbow          |   106 |    75 ||   181
 Armour: Leather armour    |    23 |     6 ||    29
  Dodge: Dodged            |    34 |    23 ||    57

Table legend: (Time is in decaauts)
 A = Elapsed time spent in this place.
 B = Non-inter-level travel time spent in this place.
 C = Inter-level travel time spent in this place.
 D = Time resting spent in this place.
 E = Time spent auto-exploring this place.
 F = Levels seen in this place.
 G = Mean time per level.
                   A        B        C        D        E       F      G
               +--------+--------+--------+--------+--------+-----+--------+
         Total |   2369 |   2252 |    117 |      0 |   1881 |   4 |  592.2 |
       Dungeon |   2369 |   2252 |    117 |      0 |   1881 |   4 |  592.2 |
               +--------+--------+--------+--------+--------+-----+--------+

Top non-repeatable levels by time:
     D:1: 924 daAuts
     D:2: 650 daAuts
     D:3: 600 daAuts
     D:4: 195 daAuts
